Toxic player gets steam rolled

Match 40287848
End
Kettenkrad Recon Vehicle
Construct Infanterie Kompanie
MG 42 Machine Gun Team
MG 42 Machine Gun Team
Grenadier Squad
Grenadier Squad
Selects Breakthrough Battlegroup
Selects Assault Grenadiers
Construct Luftwaffe Kompanie
Pioneer Squad
Flak 30 Anti-aircraft Gun Team
Medical Bunker
Pioneer Squad
Flak 30 Anti-aircraft Gun Team
Jäger Squad
Jäger Squad
Construct Panzer Kompanie
Panzer IV Medium Tank
Panzer IV Medium Tank
Selects Rapid Production
Selects Blitzkrieg
Panzer IV Medium Tank
Selects Tiger Heavy Tank
Leo invictum
eliass0101
BATTLEDANNY1
Elite_1650
0
0

Comments sign in to comment!

No comments posted yet!